Match 27797728
Unlisted

Match 27797728
End
Construct Barracks
Riflemen Squad
Riflemen Squad
Construct Weapon Support Center
Selects Special Operations Battlegroup
Riflemen Squad
Construct Medical Station
Selects M29 Weasel with M1 Pack Howitzer
M29 Weasel with M1 Pack Howitzer
Infantry Support Center
Engineer Squad
M3 Armored Personnel Carrier
M1918 Browning Automatic Rifles
Survival Training
Bazooka Squad
Selects Raiding Flares
Raiding Flares
Advanced Logistics
M29 Weasel with M1 Pack Howitzer
Bazooka Squad
Bazooka Squad
Improved M9 Bazooka Rockets
Raiding Flares
Munitions Surplus
M3 Armored Personnel Carrier
Selects P-47 Anti-Infantry Loiter
P-47 Anti-Infantry Loiter
Grenade Package
Raiding Flares
P-47 Anti-Infantry Loiter
iAinEng
Loki
Drekmar
Krispychip
Feldwebel
皮皮大仙
szokedavid17
사촌간볼빨기
0
0

Comments sign in to comment!

No comments posted yet!